 Dungeon Crawl Stone Soup version 0.31.0-9-g3a7656b989 (webtiles) character file.

Game seed: 14615486111396210337

145 qw the Shooter (level 5, -1/27 HPs)
             Began as a Spriggan Hunter on Feb 2, 2024.
             Slain by Grinder (4 damage)
             ... on level 3 of the Dungeon.
             The game lasted 00:00:07 (1619 turns).

qw the Shooter (Spriggan Hunter)                    Turns: 1619, Time: 00:00:08

Health: -1/27      AC:  2    Str:  4 (7)  XL:     5   Next: 6%
Magic:  6/6        EV: 20    Int:  9 (10) God:
Gold:   154        SH:  0    Dex: 19 (21) Spells: 4/4 levels left

rFire   . . .        a - +0 shortbow
rCold   . . .        (shield currently unavailable)
rNeg    . . .        c - +0 robe
rPois   .            (helmet restricted)
rElec   .            (no cloak)
rCorr   .            (gloves unavailable)
SInv    +            (boots unavailable)
Will    .....        e - amulet of regeneration
Stlth   ++           (no ring)
HPRegen 1.04/turn    (no ring)
MPRegen 0.10/turn

%: no passive effects
@: very quick
A: very small, no large weapons, unfitting armour, see invisible, speed 3
a: no special abilities


You were on level 3 of the Dungeon.
You visited 1 branch of the dungeon, and saw 3 of its levels.

You collected 154 gold pieces.


Innate Abilities, Weirdness & Mutations

You are very small and have problems with some larger weapons.
You are too small for most types of armour.
You have supernaturally acute eyesight. (SInv)
You cover ground extremely quickly. (Speed+++)


   Skills:
 - Level 2.3 Fighting
 + Level 5.0 Ranged Weapons
 - Level 5.0 Dodging
 - Level 1.5 Stealth


You had 4 spell levels left.
You didn't know any spells.
Your spell library was empty.

Inventory:

Hand Weapons
 a - a +0 shortbow (weapon)
Armour
 c - a +0 robe (worn)
Jewellery
 e - an amulet of regeneration (around neck)
Wands
 d - a wand of charming (7)
Potions
 b - a potion of cancellation

Dungeon Overview and Level Annotations

Branches:
Dungeon (3/15)

Altars:
Trog

Annotations:
D:3 Grinder


Message History

You feel your dexterity returning.
Your Fighting skill increases to level 2!
You have reached level 5!
You feel agile.
You start resting.
HP restored.
Found an escape hatch in the ceiling.
d - a wand of charming (7)
Things that are here:
a +0 dagger; a +4 ring mail of willpower A rat comes into view.
You shoot an arrow. The arrow hits the rat!
You kill the rat!
You now have 141 gold pieces (gained 8).
You now have 154 gold pieces (gained 13).
A frilled lizard comes into view.
You shoot an arrow. The arrow hits the frilled lizard.
You kill the frilled lizard!
Grinder comes into view.
Grinder gestures at you. Pain shoots through your body!
You shoot an arrow. The arrow hits Grinder.
Grinder is lightly wounded.
You start resting.
Grinder is nearby!
You shoot an arrow. The arrow barely misses Grinder.
Grinder says, "I used to sell toenails on the black market."
Grinder barely misses you.
You shoot an arrow. The arrow hits Grinder.
Grinder is lightly wounded.
Grinder misses you. Grinder hits you!
You writhe in agony.
You shoot an arrow. The arrow closely misses Grinder.
Grinder gestures at you. You resist with significant effort.
You shoot an arrow. The arrow hits Grinder.
Grinder is moderately wounded.
Grinder hits you!
You writhe in agony.
You shoot an arrow. The arrow barely misses Grinder.
Grinder hits you.
You writhe in agony.
You die...
Grinder says, "Hey, I wasn't done torturing you yet!"

............#....
....>.......# .
...# .ยค
............#
...##..
............#
......
#......[....# ....#
#...........# ...#
#...........# ...
#...........#####5#
................@.#
##..........#######
#..........#
#..........#
############


You could see Grinder.

Vanquished Creatures
  A hound (D:2)
  Ijyb (D:3)
  An orc wizard (D:3)
  2 adders
  A dart slug (D:1)
  3 ribbon worms
  4 orcs (D:3)
  5 endoplasms
  A giant cockroach (D:2)
  3 goblins
  A hobgoblin (D:3)
  A quokka (D:3)
  2 ball pythons (D:2)
  6 bats
  A frilled lizard (D:3)
  3 kobolds
  A rat (D:3)
37 creatures vanquished.

Notes
Turn   | Place    | Note
-------+----------+-------------------------------------------
     0 | D:1      | qw the Spriggan Hunter began the quest for the Orb.
     0 | D:1      | Reached XP level 1. HP: 10/10 MP: 2/2
     0 | D:1      | 0 ||| qw: Version: 0.3-a-155-g5e7d8dd
     0 | D:1      | 0 ||| qw: Game counter: 1322
     0 | D:1      | 0 ||| qw: Melee chars always use a shield: true
     0 | D:1      | 0 ||| qw: God list: Okawaru
     0 | D:1      | 0 ||| qw: Allow faded altars: false
     0 | D:1      | 0 ||| qw: Do Orc after clearing Dungeon:15 true
     0 | D:1      | 0 ||| qw: Do second Lair branch before Depths: true
     0 | D:1      | 0 ||| qw: Lair rune preference: random
     0 | D:1      | 0 ||| qw: Goals: Normal
     0 | D:1      | 0 ||| PLANNING D:1-11
     6 | D:1      | Reached skill level 3 in Dodging
   209 | D:1      | Reached XP level 2. HP: 14/14 MP: 3/3
   719 | D:1      | 719 ||| UPGRADING to amulet of regeneration.
   724 | D:1      | 724 ||| READING 2 scrolls labelled REWKUGUKIN.
   725 | D:1      | 725 ||| READING scroll labelled MUS OTYEWKASO.
   726 | D:1      | 726 ||| READING scroll labelled CYTTEA IKKAISU.
   726 | D:1      | 726 ||| ENCHANTING +0 shortbow.
   727 | D:1      | 727 ||| READING scroll labelled NIZIUNYITIM.
   728 | D:1      | 728 ||| DROPPING scroll of butterflies.
   729 | D:1      | 729 ||| DROPPING scroll of fear.
   731 | D:1      | 731 ||| Stepping ~*~*~tactically~*~*~ (cloud).
   733 | D:1      | HP: 3/14 [poisoned by you (poison gas)]
   738 | D:1      | HP: 2/14 [poisoned by you (poison gas)]
   911 | D:2      | Reached XP level 3. HP: 18/18 MP: 4/4
   960 | D:2      | Found a faded altar of an unknown god.
  1285 | D:2      | 1285 ||| DROPPING +6 ring of intelligence.
  1286 | D:2      | 1286 ||| READING scroll labelled KEMYDAACZE.
  1287 | D:2      | 1287 ||| READING 2 scrolls labelled HUELEWN SASAG.
  1288 | D:2      | 1288 ||| READING scroll labelled ESHIFUN KOCA.
  1293 | D:2      | 1293 ||| READING 2 scrolls labelled SAT PODWOC.
  1293 | D:2      | 1293 ||| IDENTIFYING yellow potion
  1294 | D:2      | 1294 ||| READING scroll of identify.
  1294 | D:2      | 1294 ||| IDENTIFYING green potion
  1295 | D:2      | 1295 ||| DROPPING potion of brilliance.
  1296 | D:2      | 1296 ||| DROPPING scroll of fog.
  1355 | D:3      | Reached XP level 4. HP: 22/22 MP: 5/5
  1374 | D:3      | Found a bloodstained altar of Trog.
  1497 | D:3      | Noticed Ijyb
  1512 | D:3      | 1512 ||| DRINKING sedimented sapphire potion.
  1513 | D:3      | 1513 ||| DRINKING pink potion.
  1578 | D:3      | Killed Ijyb
  1579 | D:3      | Reached XP level 5. HP: 17/27 MP: 6/6
  1612 | D:3      | Noticed Grinder
  1618 | D:3      | HP: 6/27 [Grinder (1)]
  1619 | D:3      | Slain by Grinder

Levels and vault maps discovered:
D:1:      dpeg_arrival_brainrot, layout_loops_ring
D:2:      layout_rooms, hellmonk_ecumenical_altar_leap_of_faith,
          grunt_ministairs_10, minivault_5
D:3:      wad_lake_hut, layout_basic, trog_three_pillars_becter,
          nicolae_wu_jian_wuxing_cycle, solitary_fountain,
          kennysheep_generic_room_12, uniq_grinder, uniq_robin, uniq_ijyb

Skill      XL: |  1  2  3  4 |
---------------+-------------+-----
Dodging        | 3 4 5 |  5.0
Ranged Weapons | 5 |  5.0
Fighting       | 2 |  2.3
Stealth        | |  1.5

Action                     |  1- 3 |  4- 6 || total
---------------------------+-------+-------++-------
   Fire: Shortbow          |    72 |   102 ||   174
    Use: Scroll            |     9 |       ||     9
         Potion            |       |     2 ||     2
 Armour: Robe              |     5 |    36 ||    41
  Dodge: Dodged            |    39 |    53 ||    92

Table legend:
 A = Non-vault XP
 B = Vault XP
 C = Vault XP percentage of total XP
 D = Non-vault monster count
 E = Vault monster count
 F = Vault count percentage of total count
                 A         B        C        D         E       F
            +---------+---------+-------+---------+---------+-------
      Total |     163 |      45 |  21.6 |      33 |       4 |  10.8
            +---------+---------+-------+---------+---------+-------
        D:1 |      11 |       4 |  26.7 |       6 |       1 |  14.3
        D:2 |      76 |       3 |   3.8 |      12 |       2 |  14.3
        D:3 |      76 |      38 |  33.3 |      15 |       1 |   6.2
            +---------+---------+-------+---------+---------+-------
